 Dungeon Crawl Stone Soup version 0.31-a0-609-g7bf6ffcfed (webtiles) character file.

Game seed: 16470157186296456381

223 Shayle the Trooper (level 6, 0/63 HPs)
             Began as an Ogre Shapeshifter on Aug 21, 2023.
             Was an Initiate of Kikubaaqudgha.
             Slain by an ice beast (3 damage)
             ... on level 5 of the Dungeon.
             The game lasted 00:05:40 (2839 turns).

Shayle the Trooper (Ogre Shapeshifter)              Turns: 2839, Time: 00:05:41

Health: 0/63       AC:  3    Str: 18 (20) XL:     6   Next: 0%
Magic:  10/10      EV:  9    Int:  8 (11) God:    Kikubaaqudgha [......]
Gold:   137        SH:  0    Dex:  5 (9)  Spells: 11/11 levels left

rFire   . .          .
                       - Unarmed
rCold   . . .        (no shield)
rNeg    . . .        a - +0 animal skin
rPois   .            (helmet currently unavailable)
rElec   .            (cloak currently unavailable)
rCorr   +            (gloves unavailable)
SInv    .            (boots unavailable)
Will    .....        (no amulet)
Stlth   +            l - ring of resist corrosion
HPRegen 1.10/turn    (no ring)
MPRegen 0.12/turn

%: no passive effects
@: beast-form, attractive
A: beast (slay +2), large, unfitting armour, tough skin 1, deterioration 1,
regeneration 1, inability to read after injury 1
a: Begin Untransformation, Renounce Religion


You were on level 5 of the Dungeon.
You worshipped Kikubaaqudgha.
Kikubaaqudgha was noncommittal.
You were a hulking beast.
You visited 1 branch of the dungeon, and saw 5 of its levels.

You collected 137 gold pieces.

Inventory:

Armour
 a - a +0 animal skin (worn)
Jewellery
 l - a ring of resist corrosion (left hand)
Talismans
 c - a beast talisman (active)
 d - a flux talisman
Wands
 b - a wand of flame (13)
 m - a wand of charming (4)
Scrolls
 e - a scroll of amnesia {unknown}
 g - 5 scrolls of identify {unknown}
 h - a scroll of immolation {unknown}
 i - a scroll of brand weapon {unknown}
 k - 2 scrolls of enchant armour {unknown}
 n - a scroll of teleportation {unknown}
 o - a scroll of summoning {unknown}


   Skills:
 + Level 4.5 Fighting
 - Level 1.7 Dodging
 + Level 4.0 Unarmed Combat
 + Level 3.3 Spellcasting
 + Level 0.0 Necromancy
 - Level 3.0 Shapeshifting


You had 11 spell levels left.
You didn't know any spells.
Your spell library was empty.

Dungeon Overview and Level Annotations

Branches:
Dungeon (5/15)
 Temple: D:4-7

Altars:
Kikubaaqudgha

Shops:
D:5 =


Innate Abilities, Weirdness & Mutations

You are a hulking beast.
Your limbs bulge with bestial killing power. (Slay +2)
You are too large for most types of armour.
You have tough skin. (AC +1)
Your body sometimes deteriorates upon taking damage.
Your natural rate of healing is unusually fast.
You occasionally lose the ability to read scrolls when taking damage.


Message History

The ice beast hits you but does no damage.
You punch the ice beast!
The ice beast is moderately wounded.
The ice beast hits you. The ice beast freezes you!
You hit the ice beast.
The ice beast is heavily wounded.
The ice beast hits you but does no damage.
It was a potion of attraction.
You feel attractive to monsters. The ice beast barely misses you.
It was a potion of degeneration.
There was something very wrong with that liquid.
You feel weakened.
You feel dopey.
You feel clumsy. The ice beast barely misses you.
It was a potion of mutation.
You feel extremely strange.
You occasionally lose the ability to read scrolls when taking damage.
You feel yourself wasting away.
You begin to heal more quickly.
The ice beast hits you. The ice beast freezes you!
* * * LOW HITPOINT WARNING * * *
Your body deteriorates!
You feel clumsy.
Aiming: Throw Flame
Press: ? - help, Shift-Dir - straight line, f/p - ice beast
Aim: an ice beast (moderately wounded, 68% to hit)
The puff of flame hits the ice beast.
The ice beast is heavily wounded.
The ice beast hits you but does no damage.
Aiming: Throw Flame
Press: ? - help, Shift-Dir - straight line, f/p - ice beast
Aim: an ice beast (heavily wounded, 68% to hit)
The puff of flame misses the ice beast.
The ice beast hits you.
* * * LOW HITPOINT WARNING * * *
The ice beast freezes you!
* * * LOW HITPOINT WARNING * * *
Your body deteriorates!
You feel weakened.
Aiming: Throw Flame
Press: ? - help, Shift-Dir - straight line, f/p - ice beast
Aim: an ice beast (heavily wounded, 68% to hit)
The puff of flame misses the ice beast.
The ice beast hits you.
You die...
Kikubaaqudgha rasps: "You have failed me!
Welcome... death!"

#.##.#. #...... #......
#.##.## #.##...
######## #.##...
#.>....# #.#.#..
###......########.....#
+.....hY...............
###......########....##
#...##.# #.#.## #...
..# #.### ##.##### #.#
#. #.# #. #.# #. .#


You could see an ice beast.

Vanquished Creatures
  A hound (D:5)
  Terence (D:2)
  3 adders
  A worm (D:2)
  A dart slug (D:1)
  2 orcs (D:4)
  4 ball pythons
  3 bats
  3 endoplasms
  A giant cockroach (D:2)
  8 goblins
  8 hobgoblins
  7 jackals (D:2)
  5 kobolds
  A quokka (D:2)
49 creatures vanquished.

Vanquished Creatures (collateral kills)
  An ogre (D:4)
1 creature vanquished.

Grand Total: 50 creatures vanquished

Notes
Turn   | Place    | Note
-------+----------+-------------------------------------------
     0 | D:1      | Shayle the Ogre Shapeshifter began the quest for the Orb.
     0 | D:1      | Reached XP level 1. HP: 19/19 MP: 1/1
   308 | D:1      | Reached XP level 2. HP: 28/28 MP: 1/3
   375 | D:1      | Reached skill level 1 in Spellcasting
   925 | D:2      | Reached XP level 3. HP: 36/36 MP: 4/4
  1560 | D:2      | Reached XP level 4. HP: 33/45 MP: 5/7
  1724 | D:2      | Noticed Terence
  1739 | D:2      | Killed Terence
  2398 | D:4      | Noticed an ogre
  2411 | D:4      | Killed an ogre
  2412 | D:4      | Reached XP level 5. HP: 34/54 MP: 7/9
  2536 | D:5      | Entered Level 5 of the Dungeon
  2569 | D:5      | Reached XP level 6. HP: 60/63 MP: 10/10
  2586 | D:5      | Found an ancient bone altar of Kikubaaqudgha.
  2591 | D:5      | Became a worshipper of Kikubaaqudgha
  2726 | D:5      | Noticed an ice beast
  2788 | D:5      | Found Giysuq's One-of-a-Kind Rings.
  2836 | D:5      | Gained mutation: You occasionally lose the ability to read
                  | scrolls when taking damage. [potion of mutation]
  2836 | D:5      | Gained mutation: Your body sometimes deteriorates upon
                  | taking damage. [potion of mutation]
  2836 | D:5      | Gained mutation: Your natural rate of healing is unusually
                  | fast. [potion of mutation]
  2838 | D:5      | HP: 2/63 [ice beast (7)]
  2839 | D:5      | Slain by an ice beast

Illustrated notes

Levels and vault maps discovered:
D:1:      tekkud_arrival_beachfront_property, layout_basic,
          chequers_serial_rivers_room_a
D:2:      layout_basic, kennysheep_decorative_pillar, minmay_goblin_outpost,
          uniq_terence
D:3:      layout_rooms, zin_scriptorium, gammafunk_temple_overflow_wave,
          nicolae_figureground_sparkle
D:4:      layout_basic
D:5:      layout_loops_corners, nicolae_hepliaklqana_hazy_memory,
          mainiacjoe_overflow_alcove_2, kennysheep_cluttered_room,
          hangedman_decor_slide_cut, nicolae_shop_unique_rings,
          chequers_serial_rivers_micro_a, chequers_serial_rivers_small_3

Skill      XL: |  1  2  3  4  5 |
---------------+----------------+-----
Fighting       | 2 3 4 |  4.5
Spellcasting   | 1 2 3 |  3.3
Unarmed Combat | 3 4 |  4.0
Dodging        | |  1.7
Shapeshifting  | |  3.0

Action                     |  1- 3 |  4- 6 || total
---------------------------+-------+-------++-------
  Melee: Unarmed           |   128 |    48 ||   176
         Punch             |     2 |       ||     2
  Evoke: Wand              |       |     7 ||     7
    Use: Potion            |       |     4 ||     4
 Armour: Animal skin       |    37 |    10 ||    47
         Skin              |       |     3 ||     3
  Dodge: Dodged            |    68 |    23 ||    91

Table legend: (Time is in decaauts)
 A = Elapsed time spent in this place.
 B = Non-inter-level travel time spent in this place.
 C = Inter-level travel time spent in this place.
 D = Time resting spent in this place.
 E = Time spent auto-exploring this place.
 F = Levels seen in this place.
 G = Mean time per level.
                   A        B        C        D        E       F      G
               +--------+--------+--------+--------+--------+-----+--------+
         Total |   2827 |   2763 |     64 |    469 |   1737 |   5 |  565.4 |
       Dungeon |   2827 |   2763 |     64 |    469 |   1737 |   5 |  565.4 |
               +--------+--------+--------+--------+--------+-----+--------+

Top non-repeatable levels by time:
     D:2: 1108 daAuts
     D:1: 878 daAuts
     D:4: 346 daAuts
     D:5: 302 daAuts
     D:3: 192 daAuts
